 Dungeon Sprint DCSS version 0.31-a0-37-g98a128e1d9 (webtiles) character file.

Game seed: 14685835381034924018

611 bmack86 the Cleaver (level 7, -16/72 HPs)
             Began as a Minotaur Berserker on May 15, 2023.
             Was a Believer of Trog.
             Demolished by Sonja
             ... wielding a +0 short sword of distortion
              (19 damage)
             ... in the Dungeon (Sprint I: "Red Sonja").
             The game lasted 00:03:19 (282 turns).

bmack86 the Cleaver (Minotaur Berserker)             Turns: 282, Time: 00:03:20

Health: -16/72     AC:  7    Str: 23    XL:     7   Next: 20%
Magic:  6/6        EV: 11    Int:  4    God:    Trog [**....]
Gold:   323        SH:  0    Dex: 10    Spells: 6/6 levels left

rFire   . . .        l - +0 scythe
rCold   . . .        (shield currently unavailable)
rNeg    . . .        j - +0 ring mail
rPois   .            (helmet restricted)
rElec   .            (no cloak)
rCorr   .            (no gloves)
SInv    .            (no boots)
Will    .....        (no amulet) Stlth
                     (no ring)
HPRegen 0.32/turn    (no ring)
MPRegen 0.10/turn

%: no teleportation
@: no status effects
A: horns 2, retaliatory headbutt
a: Renounce Religion, Berserk, Trog's Hand


You were in the Dungeon.
You worshipped Trog.
Trog was pleased with you.
You visited 1 branch You collected 405 gold pieces.
You spent 82 gold pieces at shops.

Inventory:

Hand Weapons
 a - a +0 hand axe
 l - a +0 scythe (weapon)
Armour
 b - a +0 animal skin
 j - a +0 ring mail (worn)
Wands
 e - a wand of light (1) (quivered)
Scrolls
 h - a scroll of blinking
 m - a scroll of vulnerability {unknown}
 n - a scroll of enchant armour
Potions
 c - a potion of curing
 d - a potion of heal wounds
 f - 2 potions of magic
 g - a potion of berserk rage
 i - a potion of flight {unknown}
 k - 2 potions of degeneration {unknown}


   Skills:
 + Level 10.0 Fighting
 * Level 13.4 Axes
 + Level 9.6 Armour
 - Level 2.1 Dodging
 + Level 2.0 Evocations


You had 6 spell levels left.
You didn't know any spells.
Your spell library was empty.

Dungeon Overview and Level Annotations

Branches:
Dungeon (1/1)

Altars:
Cheibriados
Dithmenos
Elyvilon
Fedhas
Gozag
Hepliaklqana
Kikubaaqudgha
Makhleb
Nemelex Xobeh
Okawaru
Qazlal
Ru
Sif Muna
Trog
Uskayaw
Vehumet
Wu Jian
Xom
Yredelemnul
Zin
The Shining One
Jiyva
Lugonu

Shops:
D *

Annotations:
D Sonja


Innate Abilities, Weirdness & Mutations

You have a pair of horns on your head.
You reflexively headbutt those who attack you in melee.


Message History

Sonja hits you with a +0 short sword of distortion.
Space warps around you. Sonja closely misses you.
You miss Sonja. Sonja barely misses you. You furiously retaliate!
You headbutt Sonja.
Sonja hits you with a +0 short sword of distortion.
Space warps horribly around you!
* * * LOW HITPOINT WARNING * * *
Sonja closely misses you.
Sonja hits you with a +0 short sword of distortion.
* * * LOW HITPOINT WARNING * * *
Sonja hits you with a +0 short sword of distortion.
* * * LOW HITPOINT WARNING * * *
Space warps horribly around you!
* * * LOW HITPOINT WARNING * * *
Sonja barely misses you.
You are too injured to fight recklessly!
Aiming: Bolt of Light
Press: ? - help, Q - select action, (/) - cycle Shift-Dir - straight line, f/p - Sonja
Aim: Sonja, wielding a +0 short sword of distortion and quivering curare-tipped darts (lightly wounded, 29% to hit)
The bolt of light hits Sonja!
Sonja is heavily wounded.
Sonja is blinded.
Sonja barely misses you. x3
Aiming: Bolt of Light
Press: ? - help, Q - select action, (/) - cycle Shift-Dir - straight line, f/p - Sonja
Aim: Sonja, wielding a +0 short sword of distortion and quivering curare-tipped darts (heavily wounded, blind, 29% to hit)
The bolt of light misses Sonja.
There is an ornate altar of the Wu Jian Council here.
Sonja completely misses you. Sonja closely misses you. Sonja barely misses you.
You closely miss Sonja.
Sonja is heavily wounded.
Sonja gestures wildly while chanting.
Sonja blinks!
There is an ornate altar of the Wu Jian Council here.
Sonja throws a curare-tipped dart.
The curare-tipped dart misses you.
Sonja is no longer blind.
Sonja hits you with a +0 short sword of distortion!
* * * LOW HITPOINT WARNING * * *
Space warps horribly around you!!
You die...

#<.#..)..#..'..#__#..+
#..').#..'[.#..'..'..#
#..#####'#####+#__####
#..####..#...#(####
#..#__####..##.#
#..#_____##+#_.+
#⌠⌠#_.∩...+..._#
####_..__##_.#+#
#_____###@#.# #######
#K### $.$ #$.$# ##.##
#+#


You could see Sonja.

Vanquished Creatures
  Sigmund (D)
  A slime creature (D)
  A yak (D)
  An ogre (D)
  A jelly (D)
  Ijyb (D)
6 creatures vanquished.

Notes
Turn   | Place    | Note
-------+----------+-------------------------------------------
     0 | D        | bmack86 the Minotaur Berserker began the quest for the Orb.
     0 | D        | Reached XP level 1. HP: 19/19 MP: 0/0
     4 | D        | Noticed Ijyb
     9 | D        | Killed Ijyb
    10 | D        | Reached skill level 5 in Fighting
    10 | D        | Reached skill level 6 in Axes
    10 | D        | Reached XP level 2. HP: 29/29 MP: 1/1
    48 | D        | Noticed an ogre
    51 | D        | Killed an ogre
    52 | D        | Reached skill level 8 in Axes
    52 | D        | Reached skill level 5 in Armour
    52 | D        | Reached XP level 3. HP: 38/38 MP: 2/2
    52 | D        | Reached XP level 4. HP: 45/45 MP: 3/3
    90 | D        | Noticed Sigmund
    95 | D        | Killed Sigmund
    95 | D        | Reached ** piety under Trog
    96 | D        | Reached skill level 11 in Axes
    96 | D        | Reached XP level 5. HP: 55/55 MP: 4/4
    96 | D        | Reached XP level 6. HP: 62/62 MP: 5/5
   145 | D        | Found a burning altar of Makhleb.
   145 | D        | Found a viscous altar of Jiyva.
   145 | D        | Found a shimmering altar of Xom.
   145 | D        | Found a corrupted altar of Lugonu.
   145 | D        | Noticed a slime creature
   150 | D        | Killed a slime creature
   151 | D        | Reached skill level 12 in Axes
   201 | D        | Found an ornate altar of the Wu Jian Council.
   201 | D        | Found a shimmering blue altar of Sif Muna.
   203 | D        | Found a radiant altar of Vehumet.
   235 | D        | Found Zeackeuw's General Store.
   235 | D        | Found an ancient bone altar of Kikubaaqudgha.
   235 | D        | Found a hazy altar of Hepliaklqana.
   235 | D        | Found a stormy altar of Qazlal.
   235 | D        | Found a hide-covered altar of Uskayaw.
   235 | D        | Found a blossoming altar of Fedhas.
   235 | D        | Found a bloodstained altar of Trog.
   235 | D        | Found an iron altar of Okawaru.
   235 | D        | Found a basalt altar of Yredelemnul.
   235 | D        | Found a glowing golden altar of the Shining One.
   235 | D        | Found a snail-covered altar of Cheibriados.
   235 | D        | Found a sacrificial altar of Ru.
   235 | D        | Found a glowing silver altar of Zin.
   235 | D        | Found a shadowy altar of Dithmenos.
   235 | D        | Found a white marble altar of Elyvilon.
   235 | D        | Noticed a yak
   239 | D        | Killed a yak
   240 | D        | Reached skill level 10 in Fighting
   240 | D        | Reached skill level 13 in Axes
   240 | D        | Reached XP level 7. HP: 72/72 MP: 6/6
   240 | D        | Found an opulent altar of Gozag.
   241 | D        | Found a sparkling altar of Nemelex Xobeh.
   245 | D        | Bought a scroll of enchant armour for 82 gold pieces
   266 | D        | Noticed Sonja
   282 | D        | HP: 3/72 [Sonja/+0 short sword of distortion (7)]
   282 | D        | Demolished by Sonja

Illustrated notes

Levels and vault maps discovered:
D:        dungeon_sprint_1 [red_sonja_temple_1, red_sonja_temple_small_1]

Skill      XL: |  1  2  3  4  5  6 |
---------------+-------------------+-----
Fighting       | 5 6 8 10 | 10.0
Axes           | 6 8 11 13 | 13.4
Armour         | 4 5 7 9 |  9.6
Evocations     | 2 |  2.0
Dodging        | |  2.1

Action                     |  1- 3 |  4- 6 |  7- 9 || total
---------------------------+-------+-------+-------++-------
  Melee: Hand axe          |     6 |     3 |       ||     9
         Headbutt          |     1 |     3 |       ||     4
         Halberd           |       |    11 |     3 ||    14
 Invoke: Berserk           |     2 |     2 |       ||     4
  Evoke: Wand              |       |       |     4 ||     4
    Use: Potion            |     1 |       |       ||     1
 Armour: Ring mail         |       |     1 |     1 ||     2
  Dodge: Dodged            |     3 |     4 |    17 ||    24

Table legend: (Time is in decaauts)
 A = Elapsed time spent in this place.
 B = Non-inter-level travel time spent in this place.
 C = Inter-level travel time spent in this place.
 D = Time resting spent in this place.
 E = Time spent auto-exploring this place.
 F = Levels seen in this place.
 G = Mean time per level.
                   A        B        C        D        E       F      G
               +--------+--------+--------+--------+--------+-----+--------+
         Total |    314 |    314 |      0 |    133 |      0 |   1 |  314.0 |
       Dungeon |    314 |    314 |      0 |    133 |      0 |   1 |  314.0 |
               +--------+--------+--------+--------+--------+-----+--------+

Top non-repeatable levels by time:
       D: 314 daAuts
